 Dungeon Crawl Stone Soup version 0.22-a0-570-g58866f5 (webtiles) character file.

51 nikopol the Firebug (level 3, -8/19 HPs)
             Began as a Deep Elf Fire Elementalist on June 30, 2018.
             Mangled by Sigmund
             ... wielding a +0 scythe of protection
              (10 damage)
             ... on level 2 of the Dungeon.
             The game lasted 00:05:23 (1280 turns).

nikopol the Firebug (Deep Elf Fire Elementalist)    Turns: 1280, Time: 00:05:24

Health: -8/19      AC:  4    Str:  5    XL:     3   Next: 58%
Magic:  3/9        EV: 13    Int: 20    God:
Gold:   49         SH:  0    Dex: 15    Spells: 2/8 levels left

rFire    . . .     SeeInvis .   d - +2 dagger (holy)
rCold    . . .     Gourm    .   (no shield)
rNeg     . . .     Faith    .   a - +0 robe
rPois    .         Spirit   .   (no helmet)
rElec    .         Reflect  .   k - +0 cloak
rCorr    .         Harm     .   (no gloves)
MR       .....                  f - +0 pair of boots
Stlth    +.........             (no amulet)
HPRegen  0.06/turn              (no ring)
MPRegen  0.11/turn              (no ring)

@: confused
A: no striking features
a: no special abilities


You were on level 2 of the Dungeon.
You were not hungry.

You visited 1 branch of the dungeon, and saw 2 of its levels.

You collected 49 gold pieces.

Inventory:

Hand Weapons
 d - a +2 dagger of holy wrath (weapon)
Armour
 a - a +0 robe (worn)
 f - a +0 pair of boots (worn)
 k - a +0 cloak (worn)
Scrolls
 e - a scroll of magic mapping {unknown}
 g - 3 scrolls of identify {unknown}
 h - a scroll of amnesia {unknown}
 i - a scroll of noise {unknown}
 j - 2 scrolls of fear {unknown}
 l - 2 scrolls of teleportation {unknown}
Potions
 b - a potion of lignification {unknown}
Comestibles
 c - 3 rations
 m - 2 chunks of flesh


   Skills:
 + Level 2.9 Dodging
 + Level 2.9 Stealth
 + Level 3.4 Spellcasting
 + Level 1.3 Conjurations
 + Level 4.3 Fire Magic


You had 2 spell levels left.
You knew the following spells:

 Your Spells              Type           Power        Failure   Level  Hunger
a - Flame Tongue          Conj/Fire      ##...        4%          1    None
b - Throw Flame           Conj/Fire      ##....       6%          2    ##.....
c - Conjure Flame         Conj/Fire      ##......     13%         3    ###....

Your spell library contained the following spells:

 Spells                   Type           Power        Failure   Level  Hunger
 Fireball                 Conj/Fire      ##........   75%         5    ######.
 Sticky Flame             Conj/Fire      ##......     38%         4    ####...
 Inner Flame              Hex/Fire       ##......     17%         3    ###....


Dungeon Overview and Level Annotations

Branches:
Dungeon (2/15)

Altars:

Annotations:
D:2 Sigmund


Message History

Press: ? - help, Shift-Dir - straight line The flame tongue hits something.
A puff of flame appears from out of thin air!
The puff of flame misses you.
Casting: Flame Tongue (safe; 4% risk of failure)
Confirm with . or Enter, or press ? or * to list all spells.
Aiming: Flame Tongue (safe; 4% risk of failure)
Press: ? - help, Shift-Dir - straight line The flame tongue hits something.
Casting: Flame Tongue (safe; 4% risk of failure)
Confirm with . or Enter, or press ? or * to list all spells.
Aiming: Flame Tongue (safe; 4% risk of failure)
Press: ? - help, Shift-Dir - straight line The flame tongue hits something.
You hear some strange, mumbled words.
You are confused.
You bump into the rock wall.
Something hits you!
Ouch! That really hurt!
You die...

#.# #.#
#.#
####.##
#.....#
#.###.#
#.# #.#
#.###.#
#)...@#
##
##†.###
.# #..#
.# #..#
.####
#..#
....#
#..#
....#
#..#
....#
#..#
.####
#..#


There were no monsters in sight!

Vanquished Creatures
  An adder (D:2)
  A gnoll (D:1)
  A worm (D:2)
  A dart slug (D:2)
  A giant cockroach (D:1)
  4 goblins
  4 hobgoblins
  4 jackals (D:2)
  A bat (D:1)
  3 frilled lizards (D:1)
  2 kobolds (D:1)
  5 rats
28 creatures vanquished.

Notes
Turn   | Place    | Note
-------+----------+-------------------------------------------
     0 | D:1      | nikopol the Deep Elf Fire Elementalist began the quest for the Orb.
     0 | D:1      | Reached XP level 1. HP: 10/10 MP: 6/6
   414 | D:1      | Reached XP level 2. HP: 14/15 MP: 1/8
  1001 | D:2      | Reached skill level 4 in Fire Magic
  1001 | D:2      | Reached XP level 3. HP: 19/19 MP: 6/9
  1170 | D:2      | Learned a level 2 spell: Throw Flame
  1174 | D:2      | Learned a level 3 spell: Conjure Flame
  1222 | D:2      | Noticed Sigmund
  1280 | D:2      | Mangled by Sigmund

Vault maps used:
D:1:      minmay_arrival_widening_spiral_wide
D:2:      nicolae_overflow_crystal_walls, uniq_sigmund, uniq_natasha,
          uniq_jessica

Skill      XL: |  1  2 |
---------------+-------+-----
Fire Magic     | 4 |  4.3
Dodging        | |  2.9
Stealth        | |  2.9
Spellcasting   | |  3.4
Conjurations   | |  1.3

Action                   || total
-------------------------++-------
 Cast: Flame Tongue      ||    54
       Conjure Flame     ||     1
  Eat: Chunk             ||     1
Armor: Robe              ||     1
Dodge: Dodged            ||     8

Table legend:
 A = Spawn XP
 B = Non-spawn XP
 C = Spawn XP percentage of total XP
 D = Spawn monster count
 E = Non-spawn monster count
 F = Spawn count percentage of total count
 G = Total turns spent on level
                    A         B        C        D         E        F      G
               +---------+---------+-------+---------+---------+-------+---------
         Total |       0 |      74 |   0.0 |       0 |      28 |   0.0 |  1280
               +---------+---------+-------+---------+---------+-------+---------
           D:1 |       0 |      34 |   0.0 |       0 |      15 |   0.0 |   996
           D:2 |       0 |      40 |   0.0 |       0 |      13 |   0.0 |   284
               +---------+---------+-------+---------+---------+-------+---------
